 Dungeon Crawl Stone Soup version 0.21.1-1-g345015f (webtiles) character file.

150 Mesmaeker13 the Skirmisher (level 5, -7/55 HPs)
             Began as a Troll Wanderer on Mar 22, 2018.
             Was an Initiate of Trog.
             Mangled by a two-headed ogre
             ... wielding a +0 giant club
              (20 damage)
             ... on level 4 of the Dungeon.
             The game lasted 00:03:15 (2228 turns).

Mesmaeker13 the Skirmisher (Troll Wanderer)         Turns: 2228, Time: 00:03:16

Health: -7/55      AC:  6    Str: 19    XL:     5   Next: 10%
Magic:  4/4        EV: 10    Int:  9    God:    Trog [......]
Gold:   205        SH:  0    Dex: 10    Spells: 4/4 levels left

rFire    . . .     SeeInvis .     - Unarmed
rCold    . . .     Gourm    +   (no shield)
rNeg     . . .     Faith    .   c - +1 robe
rPois    .         Spirit   .   (helmet restricted)
rElec    .         Reflect  .   (no cloak)
rCorr    .         Harm     .   (gloves unavailable)
MR       .....                  (boots unavailable)
Stlth    +.........             (no amulet)
HPRegen  0.58/turn              (no ring)
MPRegen  0.09/turn              (no ring)

@: no status effects
A: large, unfitting armour, claws 3, fast metabolism 3, gourmand, regeneration
1, shaggy fur 1, tough skin 2
a: Burn Spellbooks, Renounce Religion


You were on level 4 of the Dungeon.
You worshipped Trog.
Trog was noncommittal.
You were very full.

You visited 1 branch of the dungeon, and saw 4 of its levels.

You collected 205 gold pieces.

Inventory:

Missiles
 i - a throwing net (quivered)
Armour
 c - a +1 robe (worn)
Jewellery
 j - an uncursed amulet of the gourmand {unknown}
Wands
 n - a wand of random effects (35)
 v - a wand of flame (30)
Scrolls
 f - a scroll of enchant weapon {unknown}
 g - a scroll of blinking {unknown}
 h - 4 scrolls of remove curse
 k - 2 scrolls of identify {unknown}
 m - 2 scrolls of enchant armour
 o - 2 scrolls of magic mapping {unknown}
 q - a scroll of fog {unknown}
 r - a scroll of fear {unknown}
 u - a scroll of immolation {unknown}
Potions
 a - a potion of cancellation {unknown}
 b - a potion of curing
 e - a potion of agility {unknown}
 l - 2 potions of heal wounds {unknown}
 p - a potion of haste {unknown}
 s - a potion of brilliance {unknown}
 t - a potion of flight {unknown}
Comestibles
 d - 5 rations


   Skills:
 + Level 4.8 Fighting
   Level 1.0 Long Blades
   Level 1.0 Maces & Flails
 + Level 2.4 Dodging
   Level 1.5 Shields
 + Level 2.5 Unarmed Combat


You had 4 spell levels left.
You didn't know any spells.

Dungeon Overview and Level Annotations

Branches:
Dungeon (4/15)
 Temple: D:4-7

Altars:
Dithmenos
Okawaru
Trog


Innate Abilities, Weirdness & Mutations

You are too large for most types of armour.
You have claws for hands.
Your metabolism is lightning-fast.
You like to eat raw meat.
Your natural rate of healing is unusually fast.
You are covered in fur. (AC +1)
You have very tough skin. (AC +2)


Message History

You scratch the two-headed ogre but do no damage.
The two-headed ogre is lightly wounded.
The two-headed ogre struggles against the net.
You catch the helpless two-headed ogre completely off-guard!
You scratch the two-headed ogre.
The two-headed ogre is lightly wounded.
The two-headed ogre struggles against the net.
The net rips apart, and the two-headed ogre comes free!
You scratch the two-headed ogre but do no damage.
The two-headed ogre is lightly wounded.
The two-headed ogre hits you with a giant club!!
Ouch! That really hurt!
The two-headed ogre hits you with a giant club!
* * * LOW HITPOINT WARNING * * *
You claw the two-headed ogre!
The two-headed ogre is moderately wounded.
The two-headed ogre hits you with a giant club.
* * * LOW HITPOINT WARNING * * *
The two-headed ogre hits you with a giant club!!
You die...

#.....<.# ####.#####....
###†..### #.......##.##.
#...# #.##.##.##.### #...#
#.##.##.##.### #...#
##.##..........
####...#####.....##.#.#...
...............##.##.......
.....................###...
...........@..........# #...
####....>.O###.###....###...
#.#...#.# #.###..#.....##
#.#...#.# #......####### #
#...#.# ######.# #......
###.### ... #.....######
.##.< #.###....... . .. #.#
#.....##


You could see a two-headed ogre.

Vanquished Creatures
  An orc wizard (D:3)
  An iguana (D:4)
  Robin (D:2)
  3 dart slugs
  2 worms (D:2)
  4 leopard geckos
  5 orcs
  A ball python (D:1)
  6 bats
  4 giant cockroaches
  8 hobgoblins
  2 kobolds (D:1)
  A quokka (D:3)
  A frilled lizard (D:1)
  17 goblins
  4 rats
61 creatures vanquished.

Notes
Turn   | Place    | Note
-------+----------+-------------------------------------------
     0 | D:1      | Mesmaeker13 the Troll Wanderer began the quest for the Orb.
     0 | D:1      | Mesmaeker13 set off with: a +2 falchion, a potion of curing, a +0 robe, 2 rations
     0 | D:1      | Reached XP level 1. HP: 24/24 MP: 0/0
   106 | D:1      | Reached XP level 2. HP: 32/32 MP: 1/1
   149 | D:1      | Reached skill level 1 in Unarmed Combat
   479 | D:1      | Reached XP level 3. HP: 40/40 MP: 2/2
   663 | D:2      | Noticed Robin
   684 | D:2      | Killed Robin
   931 | D:2      | Reached XP level 4. HP: 48/49 MP: 3/3
   956 | D:2      | Found a bloodstained altar of Trog.
   964 | D:2      | Became a worshipper of Trog the Wrathful
  1617 | D:3      | Found an iron altar of Okawaru.
  1820 | D:3      | Found a shadowy altar of Dithmenos.
  2152 | D:4      | Reached XP level 5. HP: 54/55 MP: 4/4
  2217 | D:4      | Noticed a two-headed ogre
  2228 | D:4      | Mangled by a two-headed ogre

Skill      XL: |  1  2  3  4 |
---------------+-------------+-----
Unarmed Combat | 1 2 |  2.5
Dodging        | 2 |  2.4
Fighting       | |  4.8
Long Blades    | |  1.0
Maces & Flails | |  1.0
Shields        | |  1.5

Action                   |  1- 3 |  4- 6 || total
-------------------------+-------+-------++-------
Melee: Unarmed           |   120 |    62 ||   182
       Punch             |       |     1 ||     1
Throw: Throwing net      |       |     1 ||     1
  Use: Scroll            |       |     3 ||     3
 Stab: Held in net/web   |       |     1 ||     1
  Eat: Chunk             |    14 |    10 ||    24
Armor: Robe              |    39 |    18 ||    57
Dodge: Dodged            |    54 |    23 ||    77
